 Dungeon Crawl Stone Soup version 0.18.1-50-g88ac8fd (webtiles) character file.

211 wolfsongas the Skirmisher (level 5, -1/46 HPs)
             Began as a Centaur Fighter on May 1, 2017.
             Was an Initiate of Ru.
             Slain by a gnoll sergeant
             ... wielding a cursed -3 spear
              (4 damage)
             ... on level 4 of the Dungeon.
             The game lasted 00:11:42 (2693 turns).

wolfsongas the Skirmisher (Centaur Fighter)         Turns: 2693, Time: 00:11:42

Health: -1/46      AC:  9    Str: 19    XL:     5   Next: 57%
Magic:  5/5        EV:  3    Int:  7    God:    Ru [......]
Gold:   133        SH:  8    Dex:  9    Spells: 0 memorised, 4 levels left

rFire  + . .     SeeInvis .     a - +0 war axe
rCold  + . .     Gourm    .     p - +1 chain mail
rNeg   . . .     Faith    .     c - +0 shield
rPois  +         Spirit   .     (no helmet)
rElec  +         Dismiss  .     (no cloak)
rCorr  +         Reflect  .     (no gloves)
SustAt .         Harm     .     (no barding)
MR     .....                    n - amulet of magic regeneration
Stlth  ..........               (no ring)
                                (no ring)

@: resistant, very quick, not resistant to hostile enchantments, extremely
unstealthy
A: hooves 3, deformed body, speed 2, tough skin 3
a: Renounce Religion


You were on level 4 of the Dungeon.
You worshipped Ru.
Ru was noncommittal.
You were not hungry.

You visited 1 branch of the dungeon, and saw 4 of its levels.

You collected 133 gold pieces.

Inventory:

Hand Weapons
 a - a +0 war axe (weapon)
 d - a +0 shortbow
 m - a +0 club
 q - a +0 club
 r - a +0 falchion
 t - a +0 spear
 u - a +0 rapier
 v - a +0 falchion
Missiles
 g - 15 arrows
Armour
 b - a +0 scale mail
 c - a +0 shield (worn)
 p - a +1 chain mail (worn)
 w - a +0 ring mail
Jewellery
 n - an amulet of magic regeneration (around neck)
Scrolls
 j - a scroll of fear
 s - a scroll of blinking
Potions
 e - a potion of magic
 i - a potion of cure mutation
 o - 2 potions of brilliance
 x - a potion of heal wounds {unknown}
Comestibles
 f - a bread ration
 h - 4 meat rations
 l - 3 fruits
 z - 6 chunks of flesh


   Skills:
 + Level 3.8 Fighting
 + Level 2.5 Axes
 + Level 3.1 Armour
 + Level 1.2 Dodging
 + Level 3.0 Shields


You had 4 spell levels left.
You didn't know any spells.

Dungeon Overview and Level Annotations

Branches:
Dungeon (4/15)
 Temple: D:4-7

Altars:
Cheibriados
Dithmenos
Qazlal
Ru


Innate Abilities, Weirdness & Mutations

You have hooves in place of feet.
Armour fits poorly on your strangely shaped body.
You cover ground very quickly.
You have extremely tough skin (AC +3).


Message History

You slash the gnoll!
You kill the gnoll!
You block the gnoll's attack.
The gnoll hits you from afar with a spear.
The gnoll hits you but does no damage. The gnoll sergeant barely misses you.
The gnoll hits you but does no damage. The gnoll hits you with a halberd.
* * * LOW HITPOINT WARNING * * *
The gnoll barely misses you.
The gnoll sergeant hits you with a spear.
* * * LOW HITPOINT WARNING * * *
There is a large open door, spattered with blood here.
The gnoll sergeant blocks your attack.
You hit the gnoll.
The gnoll is heavily wounded.
You closely miss the gnoll.
The gnoll is lightly wounded.
You closely miss the gnoll. The gnoll hits you with a spear.
* * * LOW HITPOINT WARNING * * *
You block the gnoll's attack.
The gnoll sergeant hits you with a spear.
You die...

#############
.......#8..8#
......gg)...+
......g@....+
......g#....#
+#######....#
#....# #....#
#....#
##########''''#####
...................
≈≈≈≈≈≈≈≈≈≈....≈≈≈≈≈


You could see a gnoll sergeant and 3 gnolls.

Vanquished Creatures
  A centaur (D:3)
  Ijyb (D:3)
  4 gnolls (D:4)
  3 adders (D:3)
  A dart slug (D:1)
  2 giant geckos
  A giant cockroach (D:3)
  2 goblins
  3 hobgoblins
  4 jackals (D:4)
  A quokka (D:3)
  6 bats
  A giant gecko skeleton (D:3)
  3 giant newts
  9 kobolds
  5 rats
47 creatures vanquished.

Notes
Turn   | Place    | Note
--------------------------------------------------------------
     0 | D:1      | wolfsongas the Centaur Fighter began the quest for the Orb.
     0 | D:1      | Reached XP level 1. HP: 19/19 MP: 1/1
   419 | D:1      | Reached XP level 2. HP: 26/26 MP: 2/2
   865 | D:2      | Found a shadowy altar of Dithmenos.
   899 | D:2      | Found a stormy altar of Qazlal.
  1062 | D:2      | Found a snail-covered altar of Cheibriados.
  1212 | D:3      | Reached XP level 3. HP: 26/31 MP: 3/3
  1417 | D:3      | Found a sacrificial altar of Ru.
  1439 | D:3      | Became a worshipper of Ru the Awakened
  1456 | D:3      | Noticed Ijyb
  1473 | D:3      | Killed Ijyb
  1473 | D:3      | Reached XP level 4. HP: 12/38 MP: 4/4
  1938 | D:3      | Noticed a centaur
  1947 | D:3      | Killed a centaur
  1947 | D:3      | Reached skill level 1 in Dodging
  1947 | D:3      | Reached XP level 5. HP: 10/46 MP: 5/5
  2693 | D:4      | Slain by a gnoll sergeant

Skill      XL: |  1  2  3  4  5 |
---------------+----------------+-----
Axes           | 2 |  2.5
Dodging        | 1 |  1.2
Shields        | 3 |  3.0
Armour         | 3 |  3.1
Fighting       | |  3.8

Action                   |  1- 3 |  4- 6 || total
-------------------------+-------+-------++-------
Melee: War axe           |   111 |    43 ||   154
       Kick              |    15 |     5 ||    20
  Use: Scroll            |     8 |     1 ||     9
       Potion            |       |     4 ||     4
  Eat: Chunk             |     1 |     1 ||     2
       Bread ration      |       |     1 ||     1
Armor: Scale mail        |    85 |       ||    85
       Chain mail        |       |    45 ||    45
Dodge: Dodged            |    34 |    11 ||    45
Block: Shield            |    74 |    40 ||   114
